 Dungeon Crawl Stone Soup version 0.25-a0-1133-g93ebf73 (webtiles) character file.

Game seed: 7939880557984061380, levelgen mode: deterministic

82341 Firebatgyro the Covert (level 15, -7/113 HPs)
             Began as a Demonspawn Monk on May 21, 2020.
             Was the Champion of Hepliaklqana.
             Mangled by an ettin
             ... wielding a +0 dire flail
              (18 damage)
             ... on level 15 of the Dungeon on May 22, 2020.
             The game lasted 01:07:08 (22673 turns).

Firebatgyro the Covert (Demonspawn Monk)           Turns: 22673, Time: 01:07:09

Health: -7/113     AC: 24    Str: 11    XL:     15   Next: 29%
Magic:  23/23      EV: 15    Int: 20    God:    Hepliaklqana [******]
Gold:   1504       SH: 15    Dex: 26    Spells: 14/14 levels left

rFire    + . .     SeeInvis .   t - +7 war axe of Zovum {venom, MR+ Int+7 Dex+4}
rCold    + . .     Gourm    .   O - +0 tower shield
rNeg     + . .     Faith    .   p - +5 acid dragon scales "Ahyrrini" {rN+ rCorr}
rPois    .         Spirit   .   a - +2 hat
rElec    .         Reflect  .   n - +0 cloak
rCorr    +         Harm     .   q - +2 pair of gloves {Dex+3}
MR       +++++                  g - +2 pair of boots
Stlth    +++++++++.             v - amulet of regeneration
HPRegen  0.68/turn              Y - ring of stealth
MPRegen  0.18/turn              o - ring of protection from magic

@: studying Crossbows
A: reduced essence, horns 2, molten scales 3, clumsy 1, cold resistance 1,
demonic guardian 1, magic resistance 2, nightstalker 2
a: Recall Ancestor, Ancestor Identity, Transference, Idealise, Renounce Religion


You were on level 15 of the Dungeon.
You worshipped Hepliaklqana.
Hepliaklqana was exalted by your worship.
You were not hungry.

You visited 4 branches of the dungeon, and saw 24 of its levels.
You also visited: Ossuary and Gauntlet.

You collected 1644 gold pieces.
You spent 140 gold pieces at shops.

Inventory:

Hand Weapons
 c - the +9 hand crossbow "Gypheppipte" {freeze, MR+ Dex+3}
   (You found it on level 3 of the Lair of Beasts)

   It causes projectiles fired from it to freeze those they strike, causing
   extra injury to most foes and up to half again as much damage against
   particularly susceptible opponents.
   They can also slow down cold-blooded creatures.
   It affects your dexterity (+3).
   It affects your resistance to hostile enchantments.
 t - the +7 war axe of Zovum (weapon) {venom, MR+ Int+7 Dex+4}
   (You found it on level 4 of the Dungeon)

   It poisons the flesh of those it strikes.
   It affects your intelligence (+7).
   It affects your dexterity (+4).
   It affects your resistance to hostile enchantments.
 E - a +2 scimitar of flaming
 K - a +3 dagger of protection
Missiles
 I - 166 bolts
Armour
 a - a +2 hat (worn)
 g - a +2 pair of boots (worn)
 n - a +0 cloak (worn)
 p - the +5 acid dragon scales "Ahyrrini" (worn) {rN+ rCorr}
   (You found it on level 14 of the Dungeon)

   It protects you from negative energy.
   It provides partial protection from all sources of acid and corrosion.
 q - a +2 pair of gloves of dexterity (worn)
 O - a +0 tower shield (worn)
Jewellery
 o - a ring of protection from magic (right hand)
 v - an amulet of regeneration (around neck)
 B - the ring of Vaasemod {*Tele rElec rC+}
   (You took it off a minotaur in a Gauntlet)

   [ring of teleportation]

   It may teleport you next to monsters.
   It protects you from cold.
   It insulates you from electricity.
 V - an uncursed ring of resist corrosion
 W - an uncursed ring of protection from cold
 Y - a ring of stealth (left hand)
Wands
 h - a wand of paralysis (20)
 y - a wand of polymorph (20)
 A - a wand of acid (40)
 C - a wand of flame (28)
 F - a wand of digging (19)
 H - a wand of disintegration (25)
 U - a wand of iceblast (20)
Scrolls
 e - 3 scrolls of enchant armour
 f - 13 scrolls of identify
 i - 2 scrolls of blinking
 j - 5 scrolls of teleportation
 l - 12 scrolls of remove curse
 r - 3 scrolls of magic mapping
 u - 4 scrolls of enchant weapon
 x - a scroll of fog
 L - 3 scrolls of fear
 Q - 4 scrolls of amnesia
 R - a scroll of brand weapon
Potions
 d - 2 potions of flight
 k - 7 potions of curing
 m - 2 potions of berserk rage
 s - a potion of heal wounds
 w - 2 potions of magic
 D - a potion of cancellation
 G - 3 potions of brilliance
 M - 3 potions of might
 N - 6 potions of haste
 P - 2 potions of ambrosia
Books
 S - a manual of Crossbows
Miscellaneous
 X - a lightning rod (4/4)
 Z - a phial of floods
Comestibles
 b - 43 rations


   Skills:
 + Level 14.0 Fighting
 - Level 7.3 Short Blades
 - Level 7.9 Axes
 - Level 5.0 Crossbows
 + Level 2.4 Armour
 + Level 7.7 Dodging
 + Level 14.3 Stealth
 + Level 7.5 Shields
 - Level 2.9 Unarmed Combat
 - Level 11.0 Invocations


You had 14 spell levels left.
You didn't know any spells.
Your spell library contained the following spells:

 Spells                   Type           Power        Failure   Level  Hunger
 Animate Skeleton         Necr           N/A          96%         1    ##.....
 Apportation              Tloc           #.....       96%         1    ##.....
 Corona                   Hex            #......      96%         1    ##.....
 Pain                     Necr           #...         96%         1    ##.....
 Shock                    Conj/Air       #...         96%         1    ##.....
 Summon Small Mammal      Summ           #...         96%         1    ##.....
 Poisonous Vapours        Pois/Air       #.....       99%         2    ###....
 Swiftness                Chrm/Air       #.......     99%         2    ###....
 Conjure Flame            Conj/Fire      #.......     100%        3    ####...
 Mephitic Cloud           Conj/Pois/Air  #.......     100%        3    ####...
 Vampiric Draining        Necr           #.........   100%        3    ####...
 Animate Dead             Necr           N/A          100%        4    #####..
 Agony                    Necr           #.......     100%        5    ######.
 Irradiate                Conj/Tmut      #.........   100%        5    ######.
 Silence                  Hex/Air        #.........   100%        5    ######.
 Conjure Ball Lightning   Conj/Air       #.........   100%        6    #######
 Freezing Cloud           Conj/Ice/Air   #.........   100%        6    #######
 Ring of Flames           Chrm/Fire      #.........   100%        7    #######


Dungeon Overview and Level Annotations

Branches:
Dungeon (15/15)            Temple (1/1) D:4            Lair (6/6) D:10
 Shoals (0/4) Lair:2       Spider (0/4) Lair:3        Slime (0/5) Lair:5
    Orc (2/2) D:9          Vaults (0/5) D:13         Depths (0/5) D:15
Ossuary (visited)         Gauntlet (visited)
    Elf: Orc:2

Altars:
Ashenzari
Cheibriados
Dithmenos
Elyvilon
Fedhas
Gozag
Hepliaklqana
Kikubaaqudgha
Makhleb
Nemelex Xobeh
Okawaru
Qazlal
Ru
Sif Muna
Trog
Uskayaw
Vehumet
Wu Jian
Xom
Yredelemnul
Zin
The Shining One

Shops:
D:7 [   D:8 }   Orc:1 %

Portals:
Trove: D:13 (give +4 fire dragon scales)

Annotations:
D:13 1 runed translucent door, HilariousDeathArtist's ghost, journeyman KoFi
Lair:4 exclusion: 3 oklob plants
Lair:5 2 transporters, MinDuChiJD's ghost, journeyman TrMo
Orc:2 Saint Roka


Innate Abilities, Weirdness & Mutations

You have a pair of horns on your head.
You are completely covered in molten scales. (AC +4, rF+)
Your flesh is cold resistant. (rC+)
A weak demonic guardian rushes to your aid.
You are significantly more attuned to the shadows.
Your life essence is reduced to manifest your ancestor. (-10% HP)
You are clumsy. (Dex -2)
You are highly resistant to hostile enchantments. (MR++)


Message History

You hit the ettin but do no damage.
The ettin looks as sick as possible!
The ettin is moderately wounded.
The ettin barely misses you. The ettin hits you but does no damage.
The two-headed ogre hits you with a +0 giant spiked club.
You block the two-headed ogre's attack.
You slash the ettin! You headbutt the ettin.
The ettin is severely wounded.
You closely miss the two-headed ogre. You block the ettin's attack.
The ettin hits you with a +0 dire flail!
Your iron imp hits the ettin.
The two-headed ogre hits you with a +0 giant spiked club!!
The two-headed ogre hits you with a +0 giant club.
You hit the ettin but do no damage.
The ettin looks as sick as possible!
The ettin is severely wounded.
You hit the two-headed ogre.
The hellwing disappears in a puff of smoke!
The ettin hits you with a +0 dire flail!!
* * * LOW HITPOINT WARNING * * *
The ettin hits you with a +0 dire flail!!
You die...

.##........##...#####
#.....##.##.##....####
........#.##......†....
.........(.#.##........
...^.#..(..#.##...##...
.......)...#.####......
....5#R......# ###.##.
###C#####... .....
#Q.)#@..# #.# ##.
#.o4O.### .. .. #...#.#
#.#.#..# .#.. ..# #.
####


You could see an ettin (extremely poisoned), a two-headed ogre, an ice devil
(summoned), an orc sorcerer and a friendly iron imp (summoned).

Vanquished Creatures
  Gastronok (D:11)
  Azrael (D:13)
  Josephine (D:13)
  A catoblepas (Lair:4)
  5 hydras
  2 ogre magi
  5 centaur warriors
  7 two-headed ogres
  A death yak (Lair:4)
  Nergalle (D:11)
  A skeletal warrior (D:13)
  An unseen horror (shapeshifter) (D:14)
  5 lindwurms
  A spectral hydra (Gauntlet)
  A deep elf mage (D:13)
  Pikel (D:4)
  4 ugly things
  3 cyclopes
  5 elephants (Lair:5)
  4 black mambas
  An apocalypse crab (Gauntlet)
  Psyche (D:8)
  5 centaur skeletons
  21 spiny frogs
  4 yaktaurs (D:13)
  A rime drake (Lair:5)
  2 komodo dragons (Lair:6)
  A demonic crawler (Lair:5)
  3 tengu conjurers (D:13)
  A redback zombie (D:12)
  6 trolls
  2 slime creatures (Lair:5)
  A hornet (D:12)
  14 blink frogs (Lair:6)
  4 dream sheep (Lair:1)
  8 hippogriffs
  4 tyrant leeches (Lair:6)
  2 redbacks (D:15)
  A vampire (D:15)
  20 yaks
  A tarantella (D:15)
  2 wyverns
  Eustachio (D:5)
  A fire elemental (D:13)
  6 wraiths
  A human (D:9)
  3 basilisks
  3 hogs (D:9)
  2 steam dragons
  10 vampire mosquitoes
  A swamp worm (Lair:5)
  7 water moccasins
  A soldier ant (D:13)
  4 porcupines
  2 acid dragons
  3 hell hounds (D:13)
  11 orc warriors
  4 ice beasts
  A black bear (shapeshifter) (Gauntlet)
  2 black bears
  A phantom (D:4)
  7 sky beasts
  A sky beast (shapeshifter) (Gauntlet)
  13 wolves
  7 ogres
  A boggart (D:13)
  5 crocodiles
  11 centaurs
  6 big kobolds
  3 elf zombies (Ossuary)
  27 bullfrogs
  4 scorpions
  A wyvern skeleton (D:14)
  6 killer bees
  9 wights
  10 howler monkeys
  2 electric eels (Lair:4)
  4 crimson imps
  5 centaur zombies
  3 jellies
  8 hounds
  2 bullfrog skeletons
  6 orc priests
  Ijyb (D:5)
  5 iguanas
  12 orc wizards
  15 worker ants
  2 big kobold zombies (Ossuary)
  3 hound skeletons (D:6)
  2 mummies (Ossuary)
  2 worker ant zombies
  Robin (D:4)
  A gnoll (shapeshifter) (D:13)
  4 gnolls
  9 adders
  2 shadow imps
  3 oozes
  4 worms (Lair:3)
  10 leopard geckos
  50 orcs
  7 bats
  5 giant cockroaches
  9 goblins
  11 hobgoblins
  11 jackals
  14 kobolds
  10 quokkas
  3 ball pythons
  8 frilled lizards
  6 hobgoblin zombies (Ossuary)
  8 kobold zombies (Ossuary)
  A leopard gecko skeleton (D:8)
  A leopard gecko zombie (D:8)
  8 orc zombies (Ossuary)
  2 quokka skeletons
  9 rats
  3 rat zombies (Ossuary)
  A bush (Lair:5)
  2 fungi
  4 plants
610 creatures vanquished.

Vanquished Creatures (collateral kills)
  Nessos (Orc:1)
  A minotaur (Gauntlet)
  A fire dragon (D:15)
  2 hydras
  A catoblepas (Lair:4)
  4 two-headed ogres
  A death yak (Lair:4)
  An unseen horror (D:7)
  A lindwurm (Lair:2)
  An orc knight (Orc:1)
  An ugly thing (D:15)
  5 spiny frogs
  A black mamba (Lair:6)
  A yaktaur (D:13)
  A tengu conjurer (D:13)
  A tyrant leech (Lair:6)
  2 blink frogs (Lair:6)
  3 dream sheep (Lair:1)
  2 hippogriffs (D:12)
  6 yaks
  4 vampire mosquitoes
  A swamp worm (Lair:5)
  2 water moccasins
  2 sky beasts
  A hornet zombie (D:9)
  An ogre (D:11)
  A necrophage (D:8)
  4 wolves
  2 crocodiles
  A centaur (D:13)
  7 bullfrogs
  2 scorpions
  A killer bee (D:7)
  2 wights (D:9)
  2 howler monkeys (D:9)
  2 centaur zombies
  A jelly (D:11)
  5 orc wizards
  3 centaur skeletons
  2 orc priests
  An iguana (D:8)
  An adder (D:11)
  A worm (Lair:3)
  10 orcs
  2 goblins (D:4)
  A jackal (D:6)
  A quokka (D:7)
  2 hobgoblin zombies (Ossuary)
  A kobold (D:11)
  2 kobold zombies (Ossuary)
  An orc zombie (Ossuary)
  A fungus (Lair:1)
107 creatures vanquished.

Vanquished Creatures (others)
  An orc warrior (Orc:2)
  An iguana (D:4)
  16 hexers
  2 goblins (D:4)
  A quokka (D:4)
  A leopard gecko skeleton (D:4)
  12 fungi (Lair:6)
  50 plants
  11 toadstools (Lair:4)
95 creatures vanquished.

Grand Total: 812 creatures vanquished

Notes
Turn   | Place    | Note
-------+----------+-------------------------------------------
     0 | D:1      | Firebatgyro the Demonspawn Monk began the quest for the
                  | Orb.
     0 | D:1      | Reached XP level 1. HP: 18/18 MP: 1/1
   331 | D:1      | Gained mutation: You are slightly more attuned to the
                  | shadows. [demonic ancestry]
   331 | D:1      | Reached XP level 2. HP: 24/24 MP: 2/2
   652 | D:1      | Gained mutation: You are partially covered in molten
                  | scales. (AC +2) [demonic ancestry]
   652 | D:1      | Reached XP level 3. HP: 29/29 MP: 3/3
   747 | D:1      | Reached skill level 1 in Short Blades
  1100 | D:2      | Gained mutation: You are mostly covered in molten scales.
                  | (AC +3) [demonic ancestry]
  1100 | D:2      | Reached XP level 4. HP: 33/37 MP: 4/4
  1307 | D:2      | Found a shattered altar of Ashenzari.
  2040 | D:3      | Gained mutation: You have a pair of small horns on your
                  | head. [demonic ancestry]
  2040 | D:3      | Reached XP level 5. HP: 42/42 MP: 5/5
  2712 | D:4      | Found a staircase to the Ecumenical Temple.
  2742 | Temple   | Entered the Ecumenical Temple
  2782 | Temple   | Became a worshipper of Hepliaklqana the Forgotten
  2782 | Temple   | Reached * piety under Hepliaklqana
  2782 | Temple   | Reached ** piety under Hepliaklqana
  2783 | Temple   | Remembered your ancestor Baqqanum as a hexer
  2886 | D:4      | Noticed a slave
  2886 | D:4      | Noticed a slave
  2887 | D:4      | Noticed a slave
  2888 | D:4      | Noticed a slave
  2888 | D:4      | Noticed Pikel
  2907 | D:4      | Killed Pikel
  2907 | D:4      | Reached skill level 5 in Fighting
  2907 | D:4      | Reached XP level 6. HP: 7/45 MP: 5/8
  2907 | D:4      | Gained mutation: A weak demonic guardian rushes to your
                  | aid. [demonic ancestry]
  2907 | D:4      | Reached XP level 7. HP: 8/50 MP: 5/9
  2977 | D:4      | Got a dazzling war axe
  2978 | D:4      | Identified the +7 war axe of Zovum {venom, MR+ Int+7 Dex+4}
                  | (You found it on level 4 of the Dungeon)
  3196 | D:4      | Found a shadowy altar of Dithmenos.
  3197 | D:4      | Found a stormy altar of Qazlal.
  3199 | D:4      | Found a shimmering blue altar of Sif Muna.
  3258 | D:4      | Noticed Robin
  3266 | D:4      | Killed Robin
  3647 | D:5      | Entered Level 5 of the Dungeon
  3814 | D:5      | Noticed Ijyb
  3824 | D:5      | Killed Ijyb
  3824 | D:5      | Reached skill level 5 in Stealth
  3824 | D:5      | Gained mutation: You have a pair of horns on your head.
                  | [demonic ancestry]
  3824 | D:5      | Reached XP level 8. HP: 56/57 MP: 11/11
  3916 | D:5      | Reached skill level 5 in Invocations
  3958 | D:5      | Got a steaming helmet
  3959 | D:5      | Identified the +1 helmet of the Ecumenical Temple {*Drain
                  | rElec Regen+ Dex+4} (You found it on level 5 of the
                  | Dungeon)
  4317 | D:5      | Found a snail-covered altar of Cheibriados.
  4333 | D:5      | Noticed Eustachio
  4341 | D:5      | Killed Eustachio
  4493 | D:6      | Reached skill level 5 in Short Blades
  4789 | D:6      | Reached XP level 9. HP: 63/63 MP: 13/13
  5016 | D:6      | Found a blossoming altar of Fedhas.
  5038 | D:6      | Found a hide-covered altar of Uskayaw.
  5038 | D:6      | Found an ancient bone altar of Kikubaaqudgha.
  5042 | D:6      | Found a white marble altar of Elyvilon.
  5857 | D:7      | Reached *** piety under Hepliaklqana
  6241 | D:7      | Found Qefogh's Antique Armour Shop.
  6247 | D:7      | Bought a dyed leather armour for 140 gold pieces
  6269 | D:7      | Reached skill level 1 in Shields
  6422 | D:7      | Killed an unseen horror
  6422 | D:7      | Gained mutation: You are completely covered in molten
                  | scales. (AC +4, rF+) [demonic ancestry]
  6422 | D:7      | Reached XP level 10. HP: 61/72 MP: 16/16
  6970 | D:8      | Found a sand-covered staircase.
  7007 | D:8      | Got a transparent trident
  7083 | Ossuary  | Entered an ossuary
  7353 | D:8      | Found a shattered altar of Ashenzari.
  7363 | D:8      | Found a glowing silver altar of Zin.
  7365 | D:8      | Noticed Psyche
  7369 | D:8      | Found an iron altar of Okawaru.
  7371 | D:8      | Killed Psyche
  7388 | D:8      | Found a basalt altar of Yredelemnul.
  7498 | D:8      | Noticed a two-headed ogre
  7504 | D:8      | Killed a two-headed ogre
  7517 | D:8      | Reached **** piety under Hepliaklqana
  7752 | D:8      | Found Hazxops's Gadget Boutique.
  8285 | D:9      | Found a staircase to the Orcish Mines.
  8684 | D:9      | Reached XP level 11. HP: 62/78 MP: 18/18
  8918 | D:9      | Found an opulent altar of Gozag.
  9115 | D:10     | Entered Level 10 of the Dungeon
  9332 | D:10     | Found a staircase to the Lair.
  9349 | D:10     | Reached skill level 10 in Invocations
  9627 | D:10     | Reached ***** piety under Hepliaklqana
 10045 | Lair:1   | Entered Level 1 of the Lair of Beasts
 10197 | Lair:1   | Reached skill level 5 in Shields
 10422 | Lair:1   | Noticed a four-headed hydra
 10428 | Lair:1   | Killed a four-headed hydra
 11116 | Lair:2   | Found a staircase to the Shoals.
 11426 | Lair:2   | Reached skill level 10 in Stealth
 11437 | Lair:2   | Reached XP level 12. HP: 81/86 MP: 20/20
 11905 | Lair:3   | Found a hole to the Spider Nest.
 12013 | Lair:3   | Reached skill level 10 in Fighting
 12131 | Lair:3   | Got a bloodstained hand crossbow
 12132 | Lair:3   | Identified the +9 hand crossbow "Gypheppipte" {freeze, MR+
                  | Dex+3} (You found it on level 3 of the Lair of Beasts)
 12278 | Lair:2   | Reached skill level 1 in Axes
 12321 | Lair:2   | Gained mutation: You are clumsy. (Dex -2) [potion of
                  | mutation]
 12321 | Lair:2   | Gained mutation: You are resistant to hostile enchantments.
                  | (MR+) [potion of mutation]
 12321 | Lair:2   | Gained mutation: You are highly resistant to hostile
                  | enchantments. (MR++) [potion of mutation]
 12684 | Lair:4   | Noticed a death yak
 12684 | Lair:4   | Noticed a catoblepas
 12709 | Lair:4   | Killed a death yak
 12709 | Lair:4   | Reached skill level 1 in Crossbows
 12841 | Lair:4   | Killed a catoblepas
 13023 | Lair:4   | Noticed a death yak
 13026 | Lair:4   | Killed a death yak
 13181 | Lair:4   | Noticed a four-headed hydra
 13188 | Lair:4   | Killed a four-headed hydra
 13302 | Lair:4   | Found a runed translucent door.
 13421 | Lair:4   | Noticed a catoblepas
 13475 | Lair:4   | Killed a catoblepas
 13660 | Lair:4   | Noticed a four-headed hydra
 13722 | Lair:5   | Found a gate leading to a gauntlet.
 13741 | Gauntlet | Entered a Gauntlet
 13741 | Gauntlet | Found a transporter.
 13750 | Gauntlet | Found a transporter.
 13752 | Gauntlet | Found a transporter.
 13776 | Gauntlet | Found a transporter.
 13787 | Gauntlet | Found a transporter.
 13833 | Gauntlet | Found a transporter.
 13833 | Gauntlet | Noticed a death scarab
 13849 | Gauntlet | Found a transporter.
 13856 | Gauntlet | Found a transporter.
 13902 | Gauntlet | Found a transporter.
 13904 | Gauntlet | Found a transporter.
 14007 | Gauntlet | Reached XP level 13. HP: 39/95 MP: 21/21
 14038 | Gauntlet | HP: 3/95 [death scarab (22)]
 14200 | Gauntlet | Found a transporter.
 14232 | Gauntlet | Identified the ring of Vaasemod {*Tele rElec rC+}
 14232 | Gauntlet | Noticed a minotaur
 14256 | Gauntlet | Killed a minotaur
 14303 | Gauntlet | Identified the Almanac of Aerial Transformation
 14320 | Lair:5   | Reached skill level 5 in Crossbows
 14462 | Lair:5   | Reached skill level 5 in Axes
 14637 | Lair:5   | Found a transporter.
 14640 | Lair:5   | Found a transporter.
 14641 | Lair:5   | Noticed MinDuChiJD's ghost (journeyman TrMo)
 14733 | Lair:5   | Got an ichor-stained flail
 14734 | Lair:5   | Identified the +8 flail of Imminent Death {vamp, Str+3
                  | Int+3} (You found it on level 5 of the Lair of Beasts)
 14775 | Lair:5   | Found a staircase to the Slime Pits.
 14827 | Lair:5   | Got a steaming plate armour
 14828 | Lair:5   | Identified the +1 plate armour of the Land of Plenty {rCorr
                  | MP-9 Str+3 Int+3} (You found it on level 5 of the Lair of
                  | Beasts)
 15350 | Lair:6   | Entered Level 6 of the Lair of Beasts
 17071 | Orc:1    | Entered Level 1 of the Orcish Mines
 17071 | Orc:1    | Found Soen's Food Boutique.
 17142 | Orc:2    | Entered Level 2 of the Orcish Mines
 17146 | Orc:2    | Noticed Nessos
 17243 | Orc:1    | Killed Nessos
 17243 | Orc:1    | Gained mutation: Your flesh is cold resistant. (rC+)
                  | [demonic ancestry]
 17243 | Orc:1    | Reached XP level 14. HP: 24/104 MP: 18/22
 17401 | Orc:2    | Noticed Saint Roka
 17730 | D:11     | Noticed Nergalle
 17744 | D:11     | Killed Nergalle
 17813 | D:11     | Noticed Gastronok
 17829 | D:11     | Killed Gastronok
 18569 | D:11     | Reached ****** piety under Hepliaklqana
 18890 | D:12     | Reached skill level 5 in Dodging
 19743 | D:13     | Noticed Azrael
 19763 | D:13     | Killed Azrael
 19852 | D:13     | Found a runed translucent door.
 19855 | D:13     | Noticed HilariousDeathArtist's ghost (journeyman KoFi)
 20125 | D:13     | Noticed Josephine
 20208 | D:13     | Killed Josephine
 20810 | D:13     | Found a gate to the Vaults.
 21005 | D:13     | Found a portal to a secret trove of treasure.
 21917 | D:14     | Got twisted acid dragon scales
 21928 | D:14     | Identified the +5 acid dragon scales "Ahyrrini" {rN+ rCorr}
                  | (You found it on level 14 of the Dungeon)
 22110 | D:15     | Entered Level 15 of the Dungeon
 22149 | D:15     | Gained mutation: You are significantly more attuned to the
                  | shadows. [demonic ancestry]
 22149 | D:15     | Reached XP level 15. HP: 61/112 MP: 23/23
 22256 | D:15     | Reached skill level 1 in Armour
 22659 | D:15     | Found a staircase to the Depths.
 22673 | D:15     | Mangled by an ettin

Illustrated notes

Levels and vault maps discovered:
D:1:      co_arrival_random_square_maze, layout_basic
D:2:      layout_basic, ashenzari_altar_1, wander_ebering_terrifying_dragon_lair
D:3:      layout_loops_ring, first_ration
D:4:      layout_rooms, grunt_temple_overflow_open, minmay_temple_entry_wispy,
          minmay_splitting_lines, uniq_pikel, uniq_robin
D:5:      layout_loops_ring, kennysheep_mini, uniq_eustachio, uniq_ijyb
D:6:      layout_basic, minitemple, kennysheep_generic_room_6
D:7:      layout_layer_cave, serial_shops, shop, minmay_manual_macuahuitl
D:8:      layout_loops_cross, minmay_overflow_temple_star_quad, enter_ossuary_1,
          basic_altar, serial_shops, nicolae_shop_statue_plus, uniq_psyche
D:9:      layout_cave_pools, lemuel_doored_altar, hiddenorc1_lemuel,
          grunt_livestock
D:10:     layout_irregular_city, david_lair_generic
D:11:     layout_irregular_city, serial_shops, kennysheep_little_box,
          uniq_gastronok, uniq_nergalle
D:12:     layout_irregular_city, kennysheep_potato
D:13:     layout_irregular_city, hangedman_vaults_entry_quadrant_bands,
          ebering_ghost_reflecting_pool, nicolae_trove_entry_columns,
          chequers_serial_rivers_marsh, minmay_sticks_and_stones,
          uniq_josephine, uniq_azrael
D:14:     layout_loops_ring, columned_hall_lemuel
D:15:     hangedman_depths_entry_civil_slaughter, layout_rooms
Temple:   jpeg_temple_island
Lair:1:   layout_small_grid
Lair:2:   layout_concentric_octagons, elwin_shoals_entry_rocks,
          minmay_lindwurm_lava
Lair:3:   layout_misc_corridors, nicolae_spider_entry_non_spiders,
          chequers_serial_rivers_micro_b
Lair:4:   gammafunk_lair_enchanted_lake, layout_loops_ring, st_stairs_9,
          nicolae_lair_yak_garden, minmay_lair_oklob_chamber
Lair:5:   layout_roguey, minmay_slime_entry_pillars, gauntlet_entry_generic,
          gammafunk_ghost_hive, worms_lemuel
Lair:6:   minmay_lair_end_frog_pond, layout_small_grid, serial_bayou_lagoon_a,
          chequers_serial_rivers_small_a
Orc:1:    layout_diamond_mine, basic_altar, serial_shops, shop_fountains, shop,
          shop, shop, nicolae_shop_behind_doors, abandoned_shop,
          bh_open_orc_temple, uniq_sonja
Orc:2:    st_orc_town, layout_caves, mines3_lemuel, uniq_nessos,
          uniq_saint_roka, uniq_maurice

Skill      XL: |  1  2  3  4  5  6  7  8  9 10 11 12 13 14 15 |
---------------+----------------------------------------------+-----
Stealth        | 2 3 4 5 6 7 8 10 11 12 14 | 14.3
Short Blades   | 1 2 3 4 5 6 7 |  7.3
Fighting       | 4 5 6 7 8 9 11 12 13 14 | 14.0
Invocations    | 3 4 6 8 9 11 | 11.0
Dodging        | 3 4 7 |  7.7
Shields        | 1 3 6 7 |  7.5
Axes           | 4 7 |  7.9
Crossbows      | 4 5 |  5.0
Armour         | 2 |  2.4
Unarmed Combat | |  2.9

Action                   |  1- 3 |  4- 6 |  7- 9 | 10-12 | 13-15 || total
-------------------------+-------+-------+-------+-------+-------++-------
Melee: Unarmed           |    18 |       |       |       |       ||    18
       Short sword       |    68 |   127 |    29 |       |       ||   224
       Punch             |       |     1 |     2 |       |       ||     3
       Headbutt          |       |     6 |    49 |   112 |   235 ||   402
       War axe           |       |       |    97 |   323 |   696 ||  1116
       Dagger            |       |       |   107 |   190 |   144 ||   441
       Whip              |       |       |       |     8 |       ||     8
       Scimitar          |       |       |       |       |    12 ||    12
 Fire: Hand crossbow     |       |       |       |     5 |     3 ||     8
Invok: Ancestor Life: He |       |     1 |       |       |       ||     1
       Recall Ancestor   |       |       |       |       |     5 ||     5
       Idealise          |       |       |       |       |     2 ||     2
Evoke: Wand              |       |       |       |       |     4 ||     4
  Use: Scroll            |       |       |     5 |    14 |    11 ||    30
       Potion            |       |       |       |     4 |    20 ||    24
 Stab: Sleeping          |       |    10 |    27 |    46 |    45 ||   128
       Confused          |       |     1 |     1 |     5 |    13 ||    20
       Distracted        |       |       |     2 |    16 |    15 ||    33
       Invisible         |       |       |       |       |     2 ||     2
       Paralysed         |       |       |       |       |     1 ||     1
  Eat: Chunk             |     1 |     5 |    12 |    19 |    25 ||    62
       Ration            |       |       |       |     2 |     1 ||     3
Armor: Robe              |     8 |       |    62 |       |       ||    70
       Chain mail        |    66 |    34 |       |       |       ||   100
       Leather armour    |       |    17 |    12 |   196 |   282 ||   507
       Acid dragon scale |       |       |       |       |    64 ||    64
Dodge: Dodged            |    33 |    64 |   105 |   169 |   403 ||   774
Block: Tower shield      |       |       |    34 |   329 |   728 ||  1091
       Rpst.: Scimitar   |       |       |       |       |     4 ||     4

Table legend:
 A = Non-vault XP
 B = Vault XP
 C = Vault XP percentage of total XP
 D = Non-vault monster count
 E = Vault monster count
 F = Vault count percentage of total count
                 A         B        C        D         E       F
            +---------+---------+-------+---------+---------+-------
      Total |   70746 |   46884 |  39.9 |     495 |     214 |  30.2
            +---------+---------+-------+---------+---------+-------
        D:1 |      57 |       0 |   0.0 |      22 |       0 |   0.0
        D:2 |     102 |       1 |   1.0 |      27 |       1 |   3.6
        D:3 |     100 |       0 |   0.0 |      24 |       0 |   0.0
        D:4 |     276 |     617 |  69.1 |       9 |      10 |  52.6
        D:5 |     878 |     244 |  21.7 |      19 |       2 |   9.5
        D:6 |    1248 |      51 |   3.9 |      29 |       2 |   6.5
        D:7 |    2164 |     131 |   5.7 |      38 |       4 |   9.5
        D:8 |    1834 |     418 |  18.6 |      16 |       1 |   5.9
        D:9 |    1544 |    1116 |  42.0 |      22 |      22 |  50.0
       D:10 |     984 |     678 |  40.8 |      19 |       4 |  17.4
       D:11 |    5796 |    2955 |  33.8 |      33 |       2 |   5.7
       D:12 |    3856 |     842 |  17.9 |      26 |       3 |  10.3
       D:13 |    4373 |   11355 |  72.2 |      27 |      32 |  54.2
       D:14 |    7901 |       0 |   0.0 |      25 |       0 |   0.0
       D:15 |   14290 |     958 |   6.3 |      28 |       1 |   3.4
     Lair:1 |    6280 |       0 |   0.0 |      27 |       0 |   0.0
     Lair:2 |    3250 |    2518 |  43.7 |      15 |       4 |  21.1
     Lair:3 |    3981 |     165 |   4.0 |      24 |       8 |  25.0
     Lair:4 |    1531 |    6251 |  80.3 |       7 |      14 |  66.7
     Lair:5 |    4906 |    2453 |  33.3 |      16 |      12 |  42.9
     Lair:6 |    3812 |   11958 |  75.8 |      12 |      47 |  79.7
      Orc:1 |    1355 |    1208 |  47.1 |      18 |       2 |  10.0
      Orc:2 |     228 |       0 |   0.0 |      12 |       0 |   0.0
    Ossuary |       0 |     453 | 100.0 |       0 |      38 | 100.0
   Gauntlet |       0 |    2512 | 100.0 |       0 |       5 | 100.0
            +---------+---------+-------+---------+---------+-------
